 Dungeon Crawl Stone Soup version 0.21-a0-286-g6fcecc0 (webtiles) character file.

7242 Hasart the Slicer (level 11, -4/69 HPs)
             Began as a Kobold Fighter on Sept 27, 2017.
             Was a Believer of Nemelex Xobeh.
             Killed from afar by a frost giant (38 damage)
             ... with a bolt of cold
             ... on level 9 of the Dungeon.
             The game lasted 00:26:25 (10859 turns).

Hasart the Slicer (Kobold Fighter)                 Turns: 10859, Time: 00:26:26

Health: -4/69      AC:  9    Str: 20      XL:     11   Next: 33%
Magic:  16/16      EV: 15    Int:  9      God:    Nemelex Xobeh [**....]
Gold:   557        SH: 11    Dex: 15 (16) Spells: 10/10 levels left

rFire    . . .     SeeInvis .   H - +2 short sword (distort)
rCold    . . .     Gourm    .   c - +1 shield
rNeg     . . .     Faith    .   b - +0 scale mail
rPois    .         Spirit   .   K - +0 helmet
rElec    .         Reflect  .   (no cloak)
rCorr    .         Harm     .   v - +0 pair of gloves
MR       .....                  (no boots)
Stlth    ..........             (no amulet)
HPRegen  0.21/turn              y - +4 ring of strength
MPRegen  0.15/turn              (no ring)

@: very slightly contaminated
A: carnivore 3
a: Renounce Religion


You were on level 9 of the Dungeon.
You worshipped Nemelex Xobeh.
Nemelex Xobeh was pleased with you.
You were full.

You visited 2 branches of the dungeon, and saw 11 of its levels.

You collected 557 gold pieces.

Inventory:

Hand Weapons
 a - a +0 rapier of flaming
 z - a +1 dagger of electrocution
 H - a +2 short sword of distortion (weapon)
Missiles
 o - a throwing net (quivered)
Armour
 b - a +0 scale mail (worn)
 c - a +1 shield (worn)
 v - a +0 pair of gloves (worn)
 K - a +0 helmet (worn)
Jewellery
 y - a +4 ring of strength (left hand)
 M - an uncursed ring of fire
Wands
 d - a wand of digging (5/24)
 m - a wand of digging (23/24)
 I - a wand of digging (19/24)
 N - a wand of digging (5/24)
Scrolls
 e - 3 scrolls of teleportation
 h - 4 scrolls of enchant armour
 k - a scroll of brand weapon
 p - 10 scrolls of identify
 q - 2 scrolls of recharging
 r - 2 scrolls of remove curse
Potions
 l - 2 potions of curing
 n - 2 potions of brilliance
 u - a potion of degeneration {unknown}
 w - a potion of heal wounds
 B - 2 potions of mutation {unknown}
 C - 2 potions of might
 F - a potion of lignification {unknown}
 G - a potion of agility {unknown}
Books
 L - a book of Air

   Spells                             Type                      Level
   a - Shock                          Conjuration/Air              1
   b - Swiftness                      Charms/Air                   2
   c - Static Discharge               Conjuration/Air              3
   d - Airstrike                      Air                          4
   e - Lightning Bolt                 Conjuration/Air              5
 O - a book of Misfortune

   Spells                             Type                      Level
   a - Confusing Touch                Hexes                        1
   b - Confuse                        Hexes                        3
   c - Gell's Gravitas                Translocation                3
   d - Petrify                        Transmutation/Earth          4
   e - Metabolic Englaciation         Hexes/Ice                    5
   f - Yara's Violent Unravelling     Hexes/Transmutation          5
Miscellaneous
 P - a plain deck of destruction {drawn: 7}
Comestibles
 f - 4 meat rations
 g - 8 royal jellies


   Skills:
 + Level 8.5 Fighting
 + Level 11.5 Short Blades
 + Level 4.7 Armour
 + Level 7.9 Dodging
 + Level 4.3 Shields
 * Level 7.4 Invocations
 * Level 5.1 Evocations


You had 10 spell levels left.
You didn't know any spells.

Dungeon Overview and Level Annotations

Branches:
Dungeon (10/15)            Temple (1/1) D:5            Lair (0/6) D:9
    Orc: D:9-12

Altars:
Dithmenos
Elyvilon
Fedhas
Gozag
Makhleb
Nemelex Xobeh
Ru
Sif Muna
Uskayaw
Vehumet
Yredelemnul

Shops:
D:10 (

Annotations:
D:9 exclusion: ice statue


Innate Abilities, Weirdness & Mutations

You are small and have problems with some larger weapons.
You are carnivorous and can eat meat at any time.


Message History

The ice statue gestures at you.
You flicker for a moment.
Careful!
You are starting to lose your buoyancy.
The kobold shouts!
You hear a shout!
The kobold shouts!
You flicker back into view.
A frost giant comes into view. It is wielding a battleaxe of freezing.
You puncture the kobold!
You kill the kobold!
You hear a splash.
The frost giant points at you and mumbles some strange words.
The bolt of cold hits you!
You float gracefully downwards.
Evoke which item? (* to show all) (? for menu, Esc to quit)
You draw a card...
It is the Storm.
A fierce wind blows from the card.
The frost giant casts a spell at you. The bolt of cold hits you!
Ouch! That really hurt!
You die...
Your body disappears without a glow.

≈≈≈≈≈≈≈≈≈≈≈≈≈≈##*≈≈≈≈≈≈**
≈≈≈≈≈≈≈≈≈≈≈≈≈≈≈#**#≈≈≈≈,**
≈≈≈≈≈≈≈≈≈≈≈≈≈≈≈≈≈≈≈≈≈≈**,*
≈≈≈≈≈≈≈≈≈≈≈≈≈#***≈≈≈≈≈****
≈≈≈≈≈≈≈≈≈≈≈≈≈# *#§#≈**≈*
≈≈≈≈≈≈≈≈≈≈≈≈≈####§C##≈≈≈*
≈§≈≈##≈≈≈≈≈≈§#§§E§§§#≈≈≈**
≈≈≈###≈≈≈≈≈≈§§§≈..§§#*≈≈≈***
≈≈≈# #≈≈≈≈##§§§≈@.§##***≈≈,*
≈≈≈# ##≈.###§§§##.§# *****
≈≈≈# #### ##§##*### ≈### ###
#*** *≈,* ≈≈** *** ****


You could see a frost giant and a friendly air elemental.

Vanquished Creatures
  A two-headed ogre (D:9)
  A polar bear (D:10)
  A hippogriff (D:10)
  A yak (D:9)
  A golden eye (D:10)
  2 basilisks (D:9)
  2 water moccasins
  12 ice beasts (D:9)
  2 sky beasts
  An orc warrior (D:7)
  2 phantoms
  3 ogres
  3 centaurs
  A crocodile (D:10)
  Blork the orc (D:4)
  A big kobold (D:8)
  A wyvern zombie (D:7)
  4 bullfrogs
  4 scorpions
  12 wights
  2 killer bees (D:8)
  2 crimson imps (D:7)
  2 bullfrog zombies
  A centaur zombie (D:4)
  2 jellies
  A quasit (D:9)
  3 bullfrog skeletons
  7 orc wizards
  3 orc priests
  A hound (D:9)
  Jessica (D:2)
  Natasha (D:2)
  4 worker ants
  A killer bee zombie (D:9)
  A hound zombie (D:9)
  2 hound skeletons
  A worker ant zombie (D:7)
  Robin (D:2)
  3 gnolls
  6 adders
  A shadow imp (D:9)
  A worker ant simulacrum (D:9)
  2 oozes
  2 adder skeletons
  3 worms
  4 dart slugs
  4 leopard geckos
  22 orcs
  3 giant cockroaches
  13 goblins
  8 hobgoblins
  9 jackals
  2 quokkas
  3 ball pythons
  2 bats
  5 frilled lizards
  8 kobolds
  6 rats
199 creatures vanquished.

Vanquished Creatures (collateral kills)
  An ice beast (D:9)
  2 electric eels (D:9)
3 creatures vanquished.

Vanquished Creatures (others)
  A two-headed ogre (D:10)
  2 ice beasts (D:9)
  A black bear (D:10)
  An ogre (D:7)
  A scorpion (D:10)
  A killer bee (D:8)
  A wight (D:8)
  2 electric eels (D:9)
  A crimson imp (D:8)
  An orc priest (D:6)
  A worker ant (D:6)
  2 leopard geckos
  2 orcs (D:6)
  A giant cockroach (D:10)
  2 jackals (D:6)
20 creatures vanquished.

Grand Total: 222 creatures vanquished

Notes
Turn   | Place    | Note
-------+----------+-------------------------------------------
     0 | D:1      | Hasart the Kobold Fighter began the quest for the Orb.
     0 | D:1      | Reached XP level 1. HP: 14/14 MP: 1/1
    78 | D:1      | Reached skill level 3 in Short Blades
   136 | D:1      | Reached XP level 2. HP: 11/19 MP: 2/2
   308 | D:1      | Reached XP level 3. HP: 15/23 MP: 3/3
   546 | D:1      | Reached skill level 4 in Short Blades
   809 | D:2      | Noticed Robin
   824 | D:2      | Killed Robin
   824 | D:2      | Reached skill level 1 in Dodging
  1185 | D:2      | Reached XP level 4. HP: 28/29 MP: 4/4
  1268 | D:2      | Noticed Natasha
  1282 | D:2      | Killed Natasha
  1417 | D:2      | Reached skill level 5 in Short Blades
  1565 | D:2      | Reached XP level 5. HP: 23/33 MP: 5/5
  1770 | D:2      | Noticed Jessica
  1780 | D:2      | Killed Jessica
  2280 | D:3      | Reached skill level 6 in Short Blades
  2280 | D:3      | Reached XP level 6. HP: 8/39 MP: 6/6
  3128 | D:4      | Noticed Blork the orc
  3184 | D:4      | Killed Blork the orc
  3667 | D:4      | Reached XP level 7. HP: 43/44 MP: 7/7
  3678 | D:4      | Reached skill level 5 in Fighting
  3731 | D:4      | Reached skill level 7 in Short Blades
  4238 | D:4      | Reached skill level 8 in Short Blades
  4565 | D:5      | Entered Level 5 of the Dungeon
  4565 | D:5      | Noticed a water moccasin
  4604 | D:5      | Killed a water moccasin
  4604 | D:5      | Reached XP level 8. HP: 16/51 MP: 8/8
  4785 | D:5      | Found a staircase to the Ecumenical Temple.
  4881 | Temple   | Entered the Ecumenical Temple
  4912 | Temple   | Became a worshipper of Nemelex Xobeh the Trickster
  5008 | D:5      | Received a gift from Nemelex Xobeh
  5029 | D:5      | Reached skill level 9 in Short Blades
  5058 | D:5      | Reached skill level 5 in Dodging
  5416 | D:5      | Reached skill level 1 in Invocations
  6007 | D:6      | Reached skill level 10 in Short Blades
  6007 | D:6      | Reached XP level 9. HP: 56/56 MP: 8/10
  6029 | D:6      | Received a gift from Nemelex Xobeh
  6364 | D:6      | Reached * piety under Nemelex Xobeh
  6895 | D:7      | Received a gift from Nemelex Xobeh
  7270 | D:7      | Found a hide-covered altar of Uskayaw.
  7793 | D:7      | Received a gift from Nemelex Xobeh
  8214 | D:7      | You fall through a shaft for 3 floors!
  8214 | D:10     | Entered Level 10 of the Dungeon
  8248 | D:10     | Reached ** piety under Nemelex Xobeh
  8367 | D:10     | Noticed Sonja
  8371 | D:10     | Noticed a polar bear
  8371 | D:10     | a yak changed into a polar bear
  8371 | D:10     | Noticed Sonja
  8371 | D:10     | Sonja changed into Sonja the crocodile
  8401 | D:10     | Killed Sonja the crocodile
  8401 | D:10     | Reached XP level 10. HP: 59/63 MP: 13/13
  8402 | D:10     | Reached skill level 5 in Invocations
  8519 | D:10     | Noticed a two-headed ogre
  8581 | D:10     | Banished a two-headed ogre
  8581 | D:10     | Reached skill level 11 in Short Blades
  8581 | D:10     | Reached skill level 1 in Evocations
  8711 | D:10     | Found Uxewot's Weapon Boutique.
  9597 | D:9      | Received a gift from Nemelex Xobeh
  9873 | D:9      | Found a staircase to the Lair.
  9886 | D:9      | Noticed a two-headed ogre
  9894 | D:9      | Killed a two-headed ogre
  9894 | D:9      | Reached XP level 11. HP: 68/68 MP: 14/16
 10008 | D:9      | Reached skill level 5 in Evocations
 10169 | D:9      | Noticed an elephant
 10418 | D:9      | Found a radiant altar of Vehumet.
 10856 | D:9      | Noticed a frost giant
 10859 | D:9      | Killed from afar by a frost giant

Vault maps used:
D:1:      dpeg_arrival_rooms_c
D:2:      uniq_natasha, uniq_robin, uniq_jessica
D:3:      first_bread, corexii_corridor_pit, serial_park_tiny_1
D:4:      uniq_blork_the_orc
D:5:      kennysheep_big_flooded_room, minmay_temple_entry_butterflies
D:7:      lemuel_tele_altar
D:9:      minmay_twisted_water, lemuel_round_altar, david_lair_generic,
          minivault_20
D:10:     due_megacathedral, serial_shops, shop_fountains, hangedman_ranch,
          uniq_sonja
Temple:   regret_index_temple_sigil_plot

Skill      XL: |  1  2  3  4  5  6  7  8  9 10 11 |
---------------+----------------------------------+-----
Short Blades   | 3 4 5 6 8 10 11 | 11.5
Dodging        | 1 2 3 4 5 6 7 |  7.9
Fighting       | 4 5 6 7 8 |  8.5
Invocations    | 1 4 6 7 |  7.4
Armour         | 3 4 |  4.7
Shields        | 3 4 |  4.3
Evocations     | 4 5 |  5.1

Action                   |  1- 3 |  4- 6 |  7- 9 | 10-12 || total
-------------------------+-------+-------+-------+-------++-------
Melee: Rapier            |    82 |   226 |   191 |       ||   499
       Dagger            |       |       |   215 |    15 ||   230
       Short sword       |       |       |       |   255 ||   255
Evoke: Deck              |       |       |    25 |     9 ||    34
  Use: Potion            |       |     3 |     4 |     4 ||    11
       Scroll            |       |       |       |    15 ||    15
  Eat: Chunk             |     7 |    10 |    14 |     7 ||    38
Armor: Scale mail        |    46 |    83 |    88 |    38 ||   255
Dodge: Dodged            |    39 |    96 |   135 |    79 ||   349
Block: Shield            |    41 |   107 |   113 |    89 ||   350

Table legend:
 A = Spawn XP
 B = Non-spawn XP
 C = Spawn XP percentage of total XP
 D = Spawn monster count
 E = Non-spawn monster count
 F = Spawn count percentage of total count
 G = Total turns spent on level
                    A         B        C        D         E        F      G
               +---------+---------+-------+---------+---------+-------+---------
         Total |       0 |   10347 |   0.0 |       0 |     222 |   0.0 | 10859
               +---------+---------+-------+---------+---------+-------+---------
           D:1 |       0 |      33 |   0.0 |       0 |      13 |   0.0 |   631
           D:2 |       0 |     163 |   0.0 |       0 |      24 |   0.0 |  1415
           D:3 |       0 |     173 |   0.0 |       0 |      27 |   0.0 |  1082
           D:4 |       0 |     584 |   0.0 |       0 |      23 |   0.0 |  1437
           D:5 |       0 |     916 |   0.0 |       0 |      17 |   0.0 |  1321
           D:6 |       0 |     492 |   0.0 |       0 |      16 |   0.0 |   691
           D:7 |       0 |    1170 |   0.0 |       0 |      25 |   0.0 |  1586
           D:8 |       0 |     766 |   0.0 |       0 |      18 |   0.0 |   797
           D:9 |       0 |    4326 |   0.0 |       0 |      43 |   0.0 |  1284
          D:10 |       0 |    1724 |   0.0 |       0 |      16 |   0.0 |   562
               +---------+---------+-------+---------+---------+-------+---------
